 Dungeon Crawl Stone Soup version 0.28-a0-512-g960c72b710 (webtiles) character file.

Game seed: 2239274552985385084

9929 Lekart the Basher (level 11, -1/102 HPs)
             Began as a Purple Draconian Chaos Knight on Sept 21, 2021.
             Was an Elder of Zin.
             Slain by a two-headed ogre (11 damage)
             ... on level 8 of the Dungeon on Sept 22, 2021.
             The game lasted 00:34:07 (14506 turns).

Lekart the Basher (Purple Draconian Chaos Knight)  Turns: 14506, Time: 00:34:08

Health: -1/102     AC: 13    Str: 15    XL:     11   Next: 29%
Magic:  15/15      EV: 16    Int: 13    God:    Zin [****..]
Gold:   1022       SH:  0    Dex: 14    Spells: 10/10 levels left

rFire   + . .      SeeInvis +   q - +5 flail (protect)
rCold   . . .      Faith    .   (no shield)
rNeg    . . .      Spirit   .   (armour unavailable)
rPois   ∞          Reflect  .   (helmet restricted)
rElec   .          Harm     .   i - +0 cloak
rCorr   .          Rampage  .   v - +0 pair of gloves
Will    +....                   (no boots)
Stlth   ..........              w - amulet of regeneration
HPRegen 1.27/turn               e - +4 ring of protection
MPRegen 0.14/turn               l - ring "Vaemmoz" {rF+ SInv}

@: vitalised, slowed, studying Fighting, unable to read, very slow
A: breathe power, AC +7, unfitting armour, cold-blooded, no stealth, talons 1,
deterioration 2, dopey 1, screaming 1, inability to read while threatened
a: Breathe Dispelling Energy, Renounce Religion, Recite, Vitalisation, Imprison,
Donate Gold


You were on level 8 of the Dungeon.
You worshipped Zin.
Zin was greatly pleased with you.
You visited 2 branches of the dungeon, and saw 12 of its levels.
You also visited: Sewer.

You collected 1512 gold pieces.
You spent 377 gold pieces at shops.
You donated 113 gold pieces to Zin.

Inventory:

Hand Weapons
 f - a +3 vorpal mace
 q - a +5 flail of protection (weapon)
Armour
 i - a +0 cloak (worn)
 v - a +0 pair of gloves (worn)
Jewellery
 b - an amulet of the acrobat
 c - a ring of flight
 e - a +4 ring of protection (left hand)
 l - the ring "Vaemmoz" (right hand) {rF+ SInv}
   (You bought it in a shop on level 6 of the Dungeon)

   [ring of see invisible]

   rF:        It protects you from fire.
   SInv:      It lets you see invisible.
 s - a ring of see invisible
 w - an amulet of regeneration (around neck)
 x - an amulet of magic regeneration
Wands
 a - a wand of paralysis (5)
Scrolls
 g - 2 scrolls of teleportation
 h - a scroll of brand weapon
 k - 4 scrolls of fear
 m - a scroll of blinking
 o - a scroll of magic mapping
 r - a scroll of immolation
 t - a scroll of amnesia
Potions
 d - a potion of heal wounds
 j - 3 potions of attraction
 n - 4 potions of curing
 p - 2 potions of brilliance
 u - a potion of mutation
 z - a potion of cancellation {unknown}


   Skills:
 + Level 11.3 Fighting
 + Level 4.6 Long Blades
 + Level 11.5 Maces & Flails
 + Level 8.6 Dodging
 * Level 5.5 Invocations
 + Level 1.7 Evocations


You had 10 spell levels left.
You didn't know any spells.
Your spell library contained the following spells:

 Spells                   Type           Power      Damage    Failure   Level
 Summon Small Mammal      Summ           0%         N/A       30%         1
 Call Canine Familiar     Summ           0%         N/A       67%         3
 Summon Guardian Golem    Hex/Summ       0%         N/A       67%         3
 Chain Lightning          Conj/Air       0%         N/A       100%        9
 Fire Storm               Conj/Fire      0%         5d1       100%        9
 Shatter                  Erth           0%         3d5*      100%        9


Dungeon Overview and Level Annotations

Branches:
Dungeon (11/15)            Temple (1/1) D:6            Lair (0/6) D:10
  Sewer (visited)
    Orc: D:9-12

Altars:
Ashenzari
Cheibriados
Dithmenos
Elyvilon
Fedhas
Gozag
Hepliaklqana
Kikubaaqudgha
Makhleb
Nemelex Xobeh
Okawaru
Qazlal
Ru
Sif Muna
Trog
Uskayaw
Vehumet
Wu Jian
Xom
Yredelemnul
Zin
The Shining One

Shops:
D:6 =   D:9 (

Annotations:
D:2 Natasha
D:6 Prince Ribbit
D:8 1 transporter


Innate Abilities, Weirdness & Mutations

You can breathe bolts of dispelling energy.
Your rich purple scales are hard. (AC +7)
You cannot fit into any form of body armour.
You are cold-blooded and may be slowed by cold attacks.
You cannot be stealthy.
You have sharp toenails.
Your body often deteriorates upon taking damage.
You are dopey. (Int -2)
You occasionally shout uncontrollably at your foes.
You sometimes lose the ability to read scrolls when taking damage.


Message History

You sock the two-headed ogre!
The two-headed ogre is moderately wounded.
The two-headed ogre hits you with a +6 great mace!
The two-headed ogre hits you with the +8 great mace "Wynoump" {pain, rN+}!!
You writhe in agony.
The two-headed ogre closely misses you. x2
The two-headed ogre closely misses you.
The two-headed ogre hits you with the +8 great mace "Wynoump" {pain, rN+}!
You feel threatened and lose the ability to read scrolls!
Your body deteriorates!
Your divine stamina protects you from dexterity loss.
You writhe in agony.
You can read scrolls again.
The two-headed ogre barely misses you.
The two-headed ogre hits you with the +8 great mace "Wynoump" {pain, rN+}.
The two-headed ogre hits you with a +6 great mace!
You feel threatened and lose the ability to read scrolls!
Your body deteriorates!
Your divine stamina protects you from intelligence loss.
The two-headed ogre barely misses you. The two-headed ogre closely misses you.
The two-headed ogre barely misses you.
You can read scrolls again.
You see here 2 potions of curing.
n - 4 potions of curing (gained 2)
The two-headed ogre hits you with a +6 great mace!
You feel threatened and lose the ability to read scrolls!
The two-headed ogre closely misses you.
You can read scrolls again.
You see here a coppery potion.
z - a coppery potion The two-headed ogre hits you with a +6 great mace!
You feel threatened and lose the ability to read scrolls!
* * * LOW HITPOINT WARNING * * *
The two-headed ogre misses you.
The two-headed ogre hits you with a +6 great mace!!
* * * LOW HITPOINT WARNING * * *
Your body deteriorates!
Your divine stamina protects you from strength loss.
The two-headed ogre hits you with the +8 great mace "Wynoump" {pain, rN+}!
You die...

#........############
#......#........<...# ###
#......###..[.......###..
#........................
#......##...........###..
#....(.#............# #..
#.......©.©.........# #..
#..#############....###..
#..#©...@O.....#......#..
####..##...##..######.###
#.#..#.#..#.# #..##
#.#..#)#..#.#### ##...
#..##..)##..#[.#######
#.....©.....#.........
#############..####...
#.......##....##
###......).#####


You could see a two-headed ogre.

Vanquished Creatures
  A two-headed ogre (D:9)
  2 death yaks (D:10)
  The ghost of Dabor the Conjurer, a novice DgCj (D:8)
  Joseph (D:9)
  Maggie (D:6)
  A troll (D:9)
  2 hornets
  A meliai zombie (D:11)
  2 wyverns
  Sigmund (D:5)
  3 yaks (D:8)
  A steam dragon (D:9)
  Edmund (D:6)
  5 orc warriors
  A sky beast (D:6)
  2 ice beasts
  2 black bears
  3 ogres
  2 necrophages
  6 centaurs
  6 kobold brigands
  2 bullfrogs
  5 scorpions
  6 killer bees (D:8)
  8 wights (D:8)
  3 centaur zombies
  2 bullfrog zombies
  2 hounds
  A jelly (D:2)
  9 orc priests
  A centaur skeleton (D:5)
  Jessica (D:3)
  2 iguanas
  4 orc wizards
  Natasha (D:2)
  A hound zombie (D:5)
  A howler monkey skeleton (D:6)
  4 river rats
  2 adders (D:3)
  2 shadow imps
  A white imp (D:5)
  3 ufetubi (D:5)
  6 worms
  A dart slug (D:3)
  25 orcs
  5 bats
  11 endoplasms
  7 giant cockroaches
  4 goblins
  5 hobgoblins
  16 kobolds
  A quokka (D:3)
  5 ball pythons
  6 rats
198 creatures vanquished.

Vanquished Creatures (collateral kills)
  A death yak (D:10)
  A hell rat (D:10)
  A river rat (D:10)
  A quokka (D:10)
4 creatures vanquished.

Vanquished Creatures (others)
  A plant (D:3)
1 creature vanquished.

Grand Total: 203 creatures vanquished

Notes
Turn   | Place    | Note
-------+----------+-------------------------------------------
     0 | D:1      | Lekart the Draconian Chaos Knight began the quest for the
                  | Orb.
     0 | D:1      | Reached XP level 1. HP: 19/19 MP: 1/1
   568 | D:1      | Reached XP level 2. HP: 26/26 MP: 2/2
   934 | D:2      | XOM: silly message
  1036 | D:2      | XOM: divination: detect creatures
  1036 | D:2      | XOM: butterfly on damage
  1153 | D:1      | XOM is BORED!
  1153 | D:1      | XOM: noise
  1221 | D:1      | XOM: silly message
  1281 | D:2      | Reached XP level 3. HP: 17/33 MP: 3/3
  1667 | D:2      | Noticed Natasha
  1668 | D:2      | XOM: silly message
  1683 | D:2      | Killed Natasha
  1684 | D:2      | Reached XP level 4. HP: 17/40 MP: 4/4
  1880 | D:2      | XOM: blink monster(s)
  1985 | D:2      | XOM: confusion
  2019 | D:2      | Noticed Natasha
  2023 | D:2      | XOM: enchant monster (good)
  2040 | D:2      | XOM: potion effect (haste)
  2157 | D:3      | XOM: 3-stop teleportation journey
  2330 | D:3      | Noticed Jessica
  2341 | D:3      | XOM: fake destruction
  2346 | D:3      | XOM: scenery: 1 doors open
  2347 | D:3      | Killed Jessica
  2599 | D:3      | Found a faded altar of an unknown god.
  2619 | D:3      | Fell from the grace of Xom
  2619 | D:3      | Became a worshipper of Ru the Awakened
  2628 | D:3      | Gained mutation: You cannot be stealthy. [Ru sacrifice]
  2818 | D:3      | Reached XP level 5. HP: 27/47 MP: 5/5
  3395 | D:4      | XOM: noise
  3420 | D:4      | Reached skill level 1 in Maces & Flails
  3444 | D:4      | Reached XP level 6. HP: 37/53 MP: 6/6
  3786 | D:4      | XOM: divination: detect items
  4211 | D:5      | Entered Level 5 of the Dungeon
  4230 | D:5      | Found a glowing drain.
  4239 | Sewer    | XOM: noise
  4239 | Sewer    | Entered a sewer
  4548 | Sewer    | Your scales start taking on a rich purple colour.
  4548 | Sewer    | Reached XP level 7. HP: 51/60 MP: 7/7
  4657 | Sewer    | Reached skill level 5 in Fighting
  4763 | Sewer    | XOM: give mutations
  4763 | Sewer    | Gained mutation: You sometimes lose the ability to read
                  | scrolls when taking damage. [Xom's mischief]
  4763 | Sewer    | Gained mutation: You are weak. (Str -2) [Xom's mischief]
  4784 | Sewer    | XOM: 1-stop teleportation journey
  5202 | D:5      | Found a hide-covered altar of Uskayaw.
  5240 | D:5      | Reached skill level 5 in Maces & Flails
  5311 | D:5      | Noticed Sigmund
  5326 | D:5      | Killed Sigmund
  5327 | D:5      | Reached XP level 8. HP: 55/69 MP: 8/8
  5831 | D:5      | XOM: give mutations
  5831 | D:5      | Gained mutation: Your body sometimes deteriorates upon
                  | taking damage. [Xom's mischief]
  5831 | D:5      | Gained mutation: You are clumsy. (Dex -2) [Xom's mischief]
  5831 | D:5      | Lost mutation: You are clumsy. (Dex -2) [Xom's mischief]
  5899 | D:5      | XOM: 2-stop teleportation journey
  6196 | D:5      | Reached skill level 5 in Dodging
  6665 | D:5      | Found a shimmering altar of Xom.
  6709 | D:5      | Found a bloodstained altar of Trog.
  6711 | D:5      | Found an ancient bone altar of Kikubaaqudgha.
  6711 | D:5      | Found an ornate altar of the Wu Jian Council.
  6711 | D:5      | Found a blossoming altar of Fedhas.
  6712 | D:5      | Found a hazy altar of Hepliaklqana.
  6714 | D:5      | Found a shadowy altar of Dithmenos.
  6716 | D:5      | Found a glowing golden altar of the Shining One.
  6872 | D:6      | Found a sacrificial altar of Ru.
  7075 | D:6      | XOM: noise
  7087 | D:6      | Noticed Prince Ribbit
  7100 | D:6      | Found Fixaggo's Jewellery Boutique.
  7402 | D:6      | Identified a scroll of acquirement
  7404 | D:6      | Acquired a manual of Fighting
  7492 | D:6      | Reached skill level 1 in Evocations
  7751 | D:6      | XOM: summons 8 hostile demons
  8456 | D:6      | Noticed Maggie
  8462 | D:6      | Killed Maggie
  8463 | D:6      | Reached XP level 9. HP: 78/78 MP: 9/9
  8484 | D:6      | Noticed Edmund
  8501 | D:6      | Killed Edmund
  8632 | D:6      | XOM: give mutations
  8632 | D:6      | Gained mutation: You are dopey. (Int -2) [Xom's mischief]
  8632 | D:6      | Gained mutation: Your body often deteriorates upon taking
                  | damage. [Xom's mischief]
  8922 | D:6      | Found a staircase to the Ecumenical Temple.
  9203 | D:6      | XOM: give mutations
  9203 | D:6      | Gained mutation: You occasionally shout uncontrollably at
                  | your foes. [Xom's mischief]
  9203 | D:6      | Gained mutation: You are very dopey. (Int -4) [Xom's
                  | mischief]
  9203 | D:6      | Gained mutation: Your magical capacity is low. (-10% MP)
                  | [Xom's mischief]
  9216 | Temple   | Entered the Ecumenical Temple
  9218 | Temple   | Acquired 912 gold pieces
  9249 | D:6      | Bought the ring "Vaemmoz" {rF+ SInv} for 377 gold pieces
  9700 | D:7      | XOM: chaos cloud
 10264 | D:7      | Found a broken altar of Ashenzari.
 10302 | D:7      | Lost mutation: You are weak. (Str -2) [potion of mutation]
 10302 | D:7      | Lost mutation: Your magical capacity is low. (-10% MP)
                  | [potion of mutation]
 10302 | D:7      | Lost mutation: You are very dopey. (Int -4) [potion of
                  | mutation]
 10302 | D:7      | Gained mutation: You have sharp toenails. [potion of
                  | mutation]
 10690 | D:6      | XOM: summons 2 hostile shadow creatures
 11055 | Temple   | Fell from the grace of Ru
 11055 | Temple   | Became a worshipper of Zin the Law-Giver
 11055 | Temple   | Reached * piety under Zin
 11055 | Temple   | Reached ** piety under Zin
 11302 | D:8      | Reached skill level 1 in Invocations
 11329 | D:8      | Reached XP level 10. HP: 68/91 MP: 11/11
 11580 | D:8      | Reached *** piety under Zin
 11837 | D:8      | Noticed Dabor's ghost (novice DgCj)
 11837 | D:8      | Identified the +8 great mace "Wynoump" {pain, rN+}
 11837 | D:8      | Noticed a two-headed ogre
 11838 | D:8      | Found a transporter.
 11842 | D:8      | Found a transporter.
 12053 | D:9      | Found Lullutzu's Weapon Emporium.
 12232 | D:9      | Noticed Joseph
 12232 | D:9      | Noticed a two-headed ogre
 12244 | D:9      | HP: 4/91 [Joseph/sling bullet (10)]
 12295 | D:10     | Entered Level 10 of the Dungeon
 12664 | D:9      | Killed Joseph
 12665 | D:9      | Reached skill level 10 in Maces & Flails
 12666 | D:9      | XOM: noise
 12862 | D:10     | XOM: 1-stop teleportation journey
 13050 | D:10     | Noticed a death yak
 13093 | D:10     | Reached skill level 10 in Fighting
 13111 | D:10     | Upgraded the game from 0.28-a0-503-g83f2989fac to
                  | 0.28-a0-512-g960c72b710
 13123 | D:10     | Killed a death yak
 13249 | D:10     | XOM: silly message
 13285 | D:10     | Reached **** piety under Zin
 13370 | D:10     | Noticed a death yak
 13373 | D:10     | Noticed a death yak
 13402 | D:10     | Killed a death yak
 13463 | D:10     | Killed a death yak
 13464 | D:10     | Reached XP level 11. HP: 51/101 MP: 11/14
 13533 | D:10     | Found a staircase to the Lair.
 13621 | D:10     | XOM: silly message
 13621 | D:10     | Was forgiven by Xom
 13780 | D:9      | Reached skill level 5 in Invocations
 14178 | D:9      | Killed a two-headed ogre
 14202 | D:9      | Found an opulent altar of Gozag.
 14491 | D:8      | Killed Dabor's ghost
 14506 | D:8      | Slain by a two-headed ogre

Illustrated notes

Levels and vault maps discovered:
D:1:      dpeg_arrival_ternary, layout_loops_ring
D:2:      minmay_chambers_of_ones, layout_loops_corners, uniq_natasha,
          uniq_terence
D:3:      layout_basic, shapermc_ecumenical_altar_ellora, uniq_jessica
D:4:      layout_basic
D:5:      layout_layer_cave, kennysheep_mini_moat, mainiacjoe_overflow_chevrons,
          minitemple, cheibrodos_sewer_entry_drain, uniq_sigmund
D:6:      layout_basic, mainiacjoe_overflow_paths,
          minmay_temple_entry_antechambers, serial_shops, shop, uniq_edmund,
          uniq_prince_ribbit1, uniq_maggie
D:7:      layout_loops_ring, cheibrodos_ashenzari_chains
D:8:      layout_rooms, gammafunk_ghost_smash
D:9:      layout_grid_maze, grunt_gozag_statues, serial_shops,
          nicolae_square_shop, uniq_joseph
D:10:     layout_loops_cross, dpeg_lair_monsters, hex_large
D:11:     layout_layer_cave, serial_shops, shop
Temple:   dpeg_chambers_temple

Skill      XL: |  1  2  3  4  5  6  7  8  9 10 11 |
---------------+----------------------------------+-----
Fighting       | 4 5 6 9 10 11 | 11.3
Long Blades    | 4 |  4.6
Dodging        | 3 4 6 7 8 |  8.6
Maces & Flails | 1 3 5 7 9 11 | 11.5
Evocations     | 1 |  1.7
Invocations    | 1 4 5 |  5.5

Action                   |  1- 3 |  4- 6 |  7- 9 | 10-12 || total
-------------------------+-------+-------+-------+-------++-------
Melee: Falchion          |    64 |    30 |       |       ||    94
       Tailslap          |     5 |    20 |    38 |    46 ||   109
       Mace              |       |   130 |   247 |       ||   377
       Flail             |       |       |   165 |   276 ||   441
       Kick              |       |       |    10 |    88 ||    98
Invok: Sacrifice Stealth |       |     1 |       |       ||     1
       Reject Sacrifices |       |       |     1 |       ||     1
       Vitalisation      |       |       |     1 |     2 ||     3
       Imprison          |       |       |       |     2 ||     2
       Recite            |       |       |       |     2 ||     2
 Abil: Breathe Dispellin |       |       |     1 |     5 ||     6
Evoke: Wand              |       |     6 |    10 |       ||    16
  Use: Potion            |     1 |       |     3 |     1 ||     5
       Scroll            |       |     6 |    12 |     6 ||    24
 Stab: Sleeping          |     2 |       |       |       ||     2
Armor: Skin              |    23 |    62 |   231 |   129 ||   445
Dodge: Dodged            |    56 |   171 |   426 |   260 ||   913

Table legend: (Time is in decaauts)
 A = Elapsed time spent in this place.
 B = Non-inter-level travel time spent in this place.
 C = Inter-level travel time spent in this place.
 D = Time resting spent in this place.
 E = Time spent auto-exploring this place.
 F = Levels seen in this place.
 G = Mean time per level.
                   A        B        C        D        E       F      G
               +--------+--------+--------+--------+--------+-----+--------+
         Total |  14599 |  14102 |    497 |   4027 |   7000 |  13 | 1123.0 |
       Dungeon |  13355 |  12860 |    495 |   4021 |   6112 |  11 | 1214.1 |
        Temple |    261 |    259 |      2 |      0 |    195 |   1 |  261.0 |
         Sewer |    983 |    983 |      0 |      6 |    693 |   1 |  983.0 |
               +--------+--------+--------+--------+--------+-----+--------+

Top non-repeatable levels by time:
     D:6: 2881 daAuts
     D:5: 1715 daAuts
     D:3: 1333 daAuts
    D:10: 1220 daAuts
     D:1: 1143 daAuts
     D:7: 1143 daAuts
     D:9: 1134 daAuts
     D:8: 996 daAuts
   Sewer: 983 daAuts
     D:2: 946 daAuts
     D:4: 828 daAuts
  Temple: 261 daAuts
    D:11: 11 daAuts
